[Event "US Masters 2022"]
[Site "Charlotte"]
[Date "2022.11.24"]
[Round "2.9"]
[White "Mandizha, Farai"]
[Black "Ramirez, Alejandro"]
[Result "0-1"]
[ECO "A57"]
[WhiteElo "2359"]
[BlackElo "2561"]
[Annotator "TA"]
[PlyCount "113"]
[EventDate "2022.11.23"]
[EventType "swiss"]
[EventCountry "USA"]
[SourceTitle "playchess.com"]
[Source "ChessBase"]
[SourceQuality "1"]
[TimeControl "5400+30"]

1. d4 Nf6 2. c4 c5 3. d5 b5 4. cxb5 a6 5. e3 axb5 6. Bxb5 Qa5+ 7. Nc3 Bb7 8. Bd2 {[%emt 0:00:25] 8.Bd2 scores better than 8.Nge2.} Qb6 9. a4 {[%emt 0:00:21] Hoping for e4. A57: Benko/Volga Gambit.} Nxd5 10. Nf3 e6 11. O-O {[%emt 0:00:44] White is slightly better.} Be7 12. Ne5 (12. e4 $5 Nb4 13. Bf4 $14) 12... Qc7 {[%emt 0:08:28] [#] Prevents e4.} (12... Nf6 $11 {remains equal.}) 13. Nxd5 ({White should try} 13. e4 $1 $16) 13... Bxd5 $14 14. Bc3 Bf6 {[%emt 0:03:09] Against e4} 15. f4 O-O {[%emt 0:01:36] [#]} 16. Bd3 $146 ({Predecessor:} 16. Qe2 Be4 17. Nc4 Bxc3 18. bxc3 {½-½ (18) Golod,V (2576)-Avrukh,B (2641) Biel 2006}) 16... d6 $1 17. e4 (17. Qh5 $2 g6 18. Nxg6 fxg6 $19) 17... Bb7 18. Nc4 Bxc3 19. bxc3 Nd7 20. Qe1 d5 21. Nd2 dxe4 {[%emt 0:09:42] Black is more active.} (21... c4 {simplifies} 22. Bc2 Nc5 23. Qe3 dxe4 24. Nxe4 Bxe4 25. Bxe4 Rxa4 26. Rxa4 Nxa4 27. f5 exf5 28. Bxf5 Rd8) 22. Nxe4 c4 23. Bc2 Ra5 24. Rb1 g6 25. Ng5 Nf6 (25... Qc6 26. Nf3 $15) (25... Nc5 {simplifies} 26. Qe3 Nd3 27. Nf3 Bxf3 28. Rxf3 Rd8) 26. Qh4 Kg7 (26... Qc6 $6 27. Nf3 Qc5+ 28. Kh1 Bxf3 29. Rxf3 $15) 27. Rfe1 (27. Qf2 $17) 27... h6 $19 (27... Qc6 28. Qf2 $11 (28. Ne4 Nxe4 29. Bxe4 Qc5+ 30. Qf2 Qxf2+ 31. Kxf2 Bxe4 $15)) 28. Nxe6+ fxe6 29. Qg3 Kf7 (29... Kh8 $19 {White must now prevent ...Bd5.} 30. Rxe6 Bc8) 30. Bxg6+ $17 Ke7 {[%emt 0:00:11][%cal Bf7e7,Be7d6,Bd6c7,Bc7b6][%mdl 32] Strongly threatening ...Bd5.} 31. f5 {[%emt 0:00:28] [#]} e5 $1 32. Rb5 {[%emt 0:01:33] White does not recover from this.} (32. Qf4 $17) 32... Rxb5 $19 (32... Rxa4 33. Qf4 (33. Rbxe5+ Kd8 $15) (33. Qxe5+ Qxe5 34. Rexe5+ Kd8 $17) 33... Kd8 34. Qxh6 $11) 33. axb5 Qc5+ 34. Kh1 Kd6 {[%emt 0:00:20][%cal Of6e4] aiming for ...Ne4!} (34... Qxb5 $2 35. Rxe5+ $18) 35. Qh4 {[%emt 0:00:33] Against Ne4} Kc7 (35... Qxb5 36. Qxh6 Rg8 37. Qh4 $19) (35... Qd5 $2 36. Rg1) 36. h3 Qd5 37. Re2 Kb6 {[%emt 0:08:24] ...Qd1+ is the strong threat.} (37... Qxb5 $2 38. Qxh6 Rd8 39. Kh2 $19) 38. Kh2 $2 (38. Qf2+ {was worth a try.} Qc5 39. Qh4) 38... e4 (38... Kxb5 39. Qxh6 Qd6 40. Rb2+ Kc6 41. Qe3 $15) 39. Qxh6 Qe5+ 40. Kg1 (40. Kh1 $142 Rd8 41. Qe3+ Qc5 42. Kg1) 40... Rd8 41. Qe3+ Kc7 (41... Kxb5 {leads to mate.} 42. Rb2+ Kc6 43. Qb6+ Kd7 44. Qxb7+ Qc7 45. Rd2+ Ke7 46. Qxc7+ Rd7 47. Qe5+ Kd8 48. Qxf6+) 42. b6+ Kb8 {[%emt 0:00:04] And now ...Rd3 would win.} 43. Rd2 (43. Re1 $142 Rd3 44. Qh6) 43... Rd3 44. Rxd3 cxd3 45. c4 Bc6 46. Bf7 Kb7 (46... Qxf5 47. Qg3+ Ka8 48. Qd6 $11) 47. g4 Qb2 48. Kf1 Qh2 49. Ke1 Nd7 50. Be8 Qh1+ ({Inferior is} 50... Nxb6 51. Bxc6+ Kxc6 52. Qxe4+ Kc5 53. Qxd3 $11 (53. Qe3+ Kxc4 54. Kf1 Qh1+ 55. Kf2 Nd5 $19)) 51. Kd2 Qg2+ {[%emt 0:00:11] Black mates.} 52. Ke1 Ne5 53. Bxc6+ Kxc6 54. Qh6+ Kc5 55. Qe3+ Kxc4 56. Kd1 Qc2+ 57. Ke1 {[%emt 0:00:01] Weighted Error Value: White=0.76/Black=0.08 (flawless)} 0-1

[Event "US Masters 2022"]
[Site "Charlotte"]
[Date "2022.11.24"]
[Round "2.10"]
[White "Cordova, Emilio"]
[Black "Garcia Molla, Victor"]
[Result "1/2-1/2"]
[ECO "E60"]
[WhiteElo "2561"]
[BlackElo "2407"]
[Annotator "TA"]
[PlyCount "33"]
[EventDate "2022.11.23"]
[EventType "swiss"]
[EventCountry "USA"]
[SourceTitle "playchess.com"]
[Source "ChessBase"]
[SourceQuality "1"]
[TimeControl "5400+30"]

1. Nf3 Nf6 2. c4 g6 3. g3 Bg7 4. Bg2 O-O 5. O-O d6 6. d4 Ne4 {[%emt 0:01:07] E60: King's Indian: Unusual lines and Fianchetto Variation without Nc3.} 7. Be3 f5 8. Nbd2 {[%emt 0:07:45] [#]} Nxd2 $146 {[%emt 0:03:34] White is slightly better.} ({Predecessor:} 8... Nf6 9. Qb3 a5 10. c5+ e6 11. cxd6 cxd6 12. Rac1 a4 13. Qa3 Ra6 14. Rc2 Bd7 {½-½ (73) Altrichter,U (2446)-Shablinsky,M (2414) ICCF email 2012}) 9. Qxd2 e5 10. dxe5 (10. Ng5 $14) 10... dxe5 $11 11. Bc5 Qxd2 12. Nxd2 Re8 13. Bd5+ Kh8 14. Rad1 Bf6 15. Ba3 Kg7 16. c5 Nc6 17. Nc4 {[%emt 0:47:35] Weighted Error Value: White=0.15 (very precise) /Black=0.02 (flawless)} 1/2-1/2

[Event "US Masters 2022"]
[Site "Charlotte"]
[Date "2022.11.24"]
[Round "2.11"]
[White "Jacobson, Aaron"]
[Black "Cruz, Cristhian"]
[Result "0-1"]
[ECO "D37"]
[WhiteElo "2351"]
[BlackElo "2552"]
[Annotator "TA"]
[PlyCount "124"]
[EventDate "2022.11.23"]
[EventType "swiss"]
[EventCountry "USA"]
[SourceTitle "playchess.com"]
[Source "ChessBase"]
[SourceQuality "1"]
[TimeControl "5400+30"]

1. c4 e6 2. Nf3 d5 3. d4 a6 4. cxd5 exd5 5. Nc3 Nf6 6. Bg5 {[%emt 0:00:16] D37: Queen's Gambit Declined: 5 Bf4.} Be6 7. Bxf6 Qxf6 8. Qb3 {[%emt 0:00:06] The position is equal.} Ra7 9. g3 Qd8 10. h4 c6 11. Ng5 Bc8 12. e4 h6 13. Nf3 dxe4 {[%emt 0:03:00] [#]} 14. Nxe4 $146 ({Predecessor:} 14. Ne5 Be6 15. Bc4 Bxc4 16. Nxc4 Be7 17. O-O-O O-O 18. Nxe4 Qc7 19. Kb1 Nd7 20. g4 {½-½ (53) Suvorov,A (2371)-Arndt,M (2359) Kiel 2022}) 14... Qa5+ 15. Kd1 Be6 16. Bc4 Bxc4 17. Qxc4 {[%emt 0:00:07] Hoping for Re1.} Be7 18. Ne5 O-O 19. Kc2 b5 (19... Nd7 $5) 20. Qc3 Qd8 21. Rae1 (21. Nxc6 $2 Nxc6 22. Rhd1 Qd5 $19) 21... Qd5 22. Kb1 Rd8 23. Nf3 ({Better is} 23. Qc2 $11 Qxd4 24. f4) 23... Nd7 (23... a5 $5 24. Qe3 a4 $11) 24. Qe3 Nf6 (24... Nb6 $5 ) 25. Nc3 {[%emt 0:03:42] This move loses the game for White.} (25. Re2 $15) 25... Qf5+ $19 26. Ka1 Ng4 {[%emt 0:01:07] Prevents Ne5.} 27. Qe2 Bb4 {[%emt 0:00:49] Black is much more active.} 28. Ne5 Nxe5 ({Resist} 28... Nxf2 29. Rhf1 Re7 30. Rxf2 $18 (30. Qxf2 Qxf2 31. Rxf2 f6 $14)) 29. dxe5 Bxc3 30. bxc3 Rd3 31. Qc2 Qf3 32. Rd1 (32. Qe2 $17) 32... Rad7 (32... Rxc3 $2 33. Rd8#) 33. Rxd3 Rxd3 {[%emt 0:00:06][%mdl 4096] Endgame KQR-KQR} ({Stronger than} 33... Qxh1+ 34. Kb2 Rxd3 35. Qxd3 $11) 34. Rc1 a5 {[%emt 0:03:04] Inhibits g4.} 35. c4 b4 36. Re1 Rc3 37. Qd2 Rxc4 38. Re3 Qd5 39. Qxd5 cxd5 {[%emt 0:00:02][%cal Bc6d5,Bd5d4][%mdl 32] KR-KR} 40. e6 (40. Kb2 $142) 40... fxe6 41. Rxe6 a4 {[%emt 0:00:40][%cal Ba5a4,Ba4a3][%mdl 32] aiming for ...Kf7.} 42. Rd6 a3 43. Kb1 {[%emt 0:00:05] Prevents Rc1+.} d4 44. Rd7 Kf8 45. f4 (45. f3 $142 Ke8 46. Rd5) 45... Ke8 46. Rd5 Ke7 47. h5 Ke6 {[%emt 0:00:52] Against g4} 48. Re5+ Kd6 49. Re4 {[%emt 0:00:14] Prevents d3.} Kd5 50. Re5+ {[%emt 0:00:03] [#]} Kc6 $1 {[%emt 0:00:10] ( -> ...d3)} 51. Re6+ Kb5 {[%emt 0:00:34] Threatens to win with ...Rc3.} 52. Rd6 Kc5 53. Rd7 Rc3 54. Rxg7 Kc4 55. f5 Rf3 56. Kc2 Rf2+ 57. Kd1 Rxf5 (57... Rxa2 $142 58. g4 b3 59. Re7 Kd3 60. Ke1 Rh2 61. Kf1 b2 62. Re1 a2 63. Rd1+ Kc3 64. Kg1 Rc2 65. Kf1 b1=Q 66. Ke1 {[#]} Qxd1+ $3 67. Kxd1 a1=Q#) 58. g4 Rf2 {[%emt 0:00:10] Black mates.} 59. g5 hxg5 60. h6 Rxa2 61. Rc7+ Kd3 62. h7 Rh2 {[%emt 0:00:15] Weighted Error Value: White=0.54/Black=0.26 (precise)} 0-1

[Event "US Masters 2022"]
[Site "Charlotte"]
[Date "2022.11.24"]
[Round "2.12"]
[White "Jacobson, Brandon"]
[Black "Zapata, Alonso"]
[Result "0-1"]
[ECO "E60"]
[WhiteElo "2551"]
[BlackElo "2336"]
[Annotator "TA"]
[PlyCount "112"]
[EventDate "2022.11.23"]
[EventType "swiss"]
[EventCountry "USA"]
[SourceTitle "playchess.com"]
[Source "ChessBase"]
[SourceQuality "1"]
[TimeControl "5400+30"]

1. Nf3 Nf6 2. g3 g6 3. b3 Bg7 4. Bb2 c5 5. Bg2 O-O 6. c4 Nc6 7. O-O d6 8. d4 Bf5 9. d5 {[%emt 0:15:17] E60: King's Indian: Unusual lines and Fianchetto Variation without Nc3.} Na5 10. Nbd2 a6 11. Re1 {[%emt 0:00:48] White is slightly better.} e5 12. e4 Bd7 {[%emt 0:04:07] [#]} 13. Rf1 $146 ({Predecessor:} 13. Bc3 b5 14. Qc2 Qc7 15. Rab1 Nb7 16. Re2 Qc8 17. Ne1 Nh5 18. Nd3 f5 19. exf5 gxf5 {1-0 (55) Hakobyan,A (2545)-Jumabayev,R (2602) St Petersburg 2018}) 13... b5 14. Ne1 Rb8 15. Nd3 Nh5 16. Bc3 f5 17. exf5 Bxf5 18. Be4 Bh3 19. Re1 Nf6 (19... Bh6 {is interesting.} 20. f3 Qg5 21. Nf1 Bxf1 22. Kxf1 Qd8) 20. a3 (20. Bg2 $14 {keeps the upper hand.} Bf5 21. Qe2) 20... Bg4 21. Qc2 Bh6 22. Bxa5 ({Better is} 22. f4 $15) 22... Qxa5 $17 23. b4 Qa4 $36 {[%emt 0:01:07][%mdl 2048] Black is really pushing.} 24. Qa2 (24. Qxa4 $17 {might work better.} bxa4 25. Ra2 Bxd2 26. Rxd2 Nxe4 27. Rxe4) 24... cxb4 25. Nxb4 Bxd2 {[%emt 0:11:15] Black is more active.} 26. Qxd2 Nxe4 27. Rxe4 Bf3 (27... Bf5 $17 28. Rh4 bxc4) 28. Re3 $15 bxc4 29. Rc1 (29. Qc3 $17) 29... Rb5 (29... Qd7 $1 $19 30. Rcc3 Qg4) 30. Rec3 Rc5 {[%emt 0:01:10] Hoping for ...a5.} 31. Qg5 $2 (31. Qh6 {was necessary.}) 31... Qd7 $1 $19 (31... Bxd5 32. Qe7 Bf7 33. Qxd6 $15) 32. Qh4 a5 (32... Bxd5 33. Nxd5 Rxd5 34. Qxc4 $15) 33. Nc6 Kg7 (33... Rxd5 34. Rxf3 $1 (34. Rxc4 $2 Kg7 $19) 34... Qxc6 35. Rxf8+ (35. Rxc4 Rd1+ 36. Kg2 Qxf3+ 37. Kh3 Qxf2 38. Qe4 Rd2 39. Qh1 Qf5+ 40. Rg4 d5 41. Qe1 h5) 35... Kxf8 36. Qxh7 $11 (36. Qxc4 $2 Rc5 $19)) 34. Rxc4 Rxc4 {[%emt 0:00:36] The board is on fire.} ({Worse is} 34... Bxd5 35. Rxc5 dxc5 36. Nxe5 $11) 35. Qxc4 Qh3 36. Qf1 {[%emt 0:00:01] Prevents Qg2+.} Qxf1+ 37. Kxf1 Bxd5 {[%emt 0:00:10] ...Rc8 is the strong threat.} 38. Nxa5 $17 {[%emt 0:00:41][%mdl 4096] Endgame KRB-KRN} Ra8 39. Nb7 Ra6 $1 ({Reject} 39... Rxa3 $6 40. Nxd6 Kf6 41. Nc4 $11) 40. Rc7+ Kf6 41. Rd7 Ke6 (41... Rxa3 $2 42. Rxd6+ Kf5 43. Rxd5 $18) ({Black should try} 41... Bc6 $1 42. Rc7 (42. Rxd6+ $2 {too greedy.} Kf5 $19) 42... Bb5+ 43. Ke1 h5) 42. Rxh7 Rxa3 {[%emt 0:00:52] ( -> ...Bf3)} 43. Nd8+ (43. Ke1 $142) 43... Kf6 ({Black should play} 43... Kf5 {White must now prevent ...Bf3.} 44. Ke2 Ra2+ 45. Ke3 Ra3+ 46. Ke2 Ra2+ 47. Ke3 g5) 44. Rd7 $2 {[%emt 0:00:04][%mdl 8192] [#] This costs White the game.} (44. Ke2 $17 {is more resistant.}) 44... Bf3 $1 $19 45. Rf7+ Kg5 46. Ke1 {[%emt 0:00:17] [#]} Rd3 $1 47. Rxf3 (47. Ne6+ $142 Kh5 48. Rxf3 Rxf3 49. h3) 47... Rxf3 {[%emt 0:00:02] KR-KN} 48. Ke2 e4 49. Ne6+ Kf6 50. Nd4 Rd3 51. Nc2 d5 52. Nb4 Rd4 53. Nc2 Ra4 {[%emt 0:00:15] Strongly threatening ...d4.} 54. Ke3 Ke5 {[%emt 0:01:01] Black mates.} 55. f4+ exf3 56. Kxf3 d4 {[%emt 0:00:15] Weighted Error Value: White=0.81/Black=0.15 (very precise)} 0-1

[Event "US Masters 2022"]
[Site "Charlotte"]
[Date "2022.11.24"]
[Round "2.13"]
[White "Marek, Matyas"]
[Black "Mishra, Abhimanyu"]
[Result "1/2-1/2"]
[ECO "B51"]
[WhiteElo "2346"]
[BlackElo "2549"]
[Annotator "TA"]
[PlyCount "53"]
[EventDate "2022.11.23"]
[EventType "swiss"]
[EventCountry "USA"]
[SourceTitle "playchess.com"]
[Source "ChessBase"]
[SourceQuality "1"]
[TimeControl "5400+30"]

1. e4 c5 2. Nf3 d6 3. Bb5+ Nd7 4. a4 Ngf6 5. Nc3 g6 6. O-O {[%emt 0:00:49] B51: Sicilian: Moscow Variation (3 Bb5+) without 3...Bd7.} Bg7 7. a5 a6 8. Be2 {[%emt 0:00:08] White is slightly better.} O-O 9. d3 b5 10. axb6 a5 11. Bd2 Nxb6 {[%emt 0:06:13] [#]} 12. e5 $146 ({Predecessor:} 12. Na4 Bd7 13. Nxb6 Qxb6 14. Bc3 a4 15. Nd2 Rfb8 16. Ra3 Ne8 17. Nc4 Qd8 18. Bxg7 Nxg7 {0-1 (45) Kamsky,G (2658)-Bok,B (2624) Chess.com INT 2022}) 12... Nfd5 13. Ne4 a4 14. c4 Nc7 15. d4 cxd4 16. exd6 exd6 17. Bb4 Be6 {[%emt 0:09:12] The position is equal.} 18. Nxd6 d3 19. Qxd3 {[%emt 0:02:39] Hoping for Qe3.} Bxb2 20. Ra2 (20. Rab1 {keeps more tension.} a3 21. Qb3 Nd7 22. Rxb2 axb2 23. Qxb2 Na6 24. Bd2) 20... a3 21. Bxa3 (21. Rd1 {feels hotter.} Nxc4 22. Nxc4 Qxd3 23. Bxd3 Rfd8 24. Rxb2 Bxc4 25. Rc2) 21... Nxc4 {[%emt 0:05:30][%mdl 64] [#] Decoy} 22. Nxc4 Qxd3 23. Bxd3 Rxa3 24. Rxa3 Bxc4 {[%emt 0:00:02] [#]} 25. Bxc4 $1 Bxa3 26. Rd1 Ne8 27. Rd8 {[%emt 0:01:13] Weighted Error Value: White=0.06 (flawless) /Black=0.05 (flawless)} 1/2-1/2

[Event "US Masters 2022"]
[Site "Charlotte"]
[Date "2022.11.24"]
[Round "2.14"]
[White "Schitco, Ivan"]
[Black "Paikidze, Nazi"]
[Result "1-0"]
[ECO "D46"]
[WhiteElo "2532"]
[BlackElo "2323"]
[Annotator "TA"]
[PlyCount "122"]
[EventDate "2022.11.23"]
[EventType "swiss"]
[EventCountry "USA"]
[SourceTitle "playchess.com"]
[Source "ChessBase"]
[SourceQuality "1"]
[TimeControl "5400+30"]

1. c4 e6 2. Nc3 d5 3. e3 Nf6 4. Nf3 Be7 5. b3 O-O 6. Bb2 c6 7. Qc2 Nbd7 8. d4 b6 9. Bd3 Bb7 10. O-O Rc8 11. Rad1 Qc7 {[%emt 0:16:55] D46: Semi-Slav: 5 e3 Nbd7 6 Bd3, Black avoids the Meran.} 12. e4 dxe4 13. Nxe4 Nxe4 {[%emt 0:05:34] The position is equal.} 14. Bxe4 Nf6 15. Bd3 h6 16. c5 Nd5 {[%emt 0:05:36] [#]} 17. Qd2 $146 {[%emt 0:16:42] Inhibits Nb4.} (17. Bh7+ $14 Kh8 18. Be4) ({Predecessor:} 17. Qc4 b5 18. Qc1 Nf4 19. Ne5 Bg5 20. Qc2 f5 21. Rfe1 Nxd3 22. Rxd3 Rcd8 23. Nf3 {½-½ (59) Levin,E (2543)-Lobanov,S (2482) St Petersburg 2018}) 17... bxc5 $11 18. dxc5 Bxc5 19. Bb1 {[%emt 0:03:57] aiming for Qc2.} f5 20. Qe2 Rce8 21. Ne5 Bd6 22. f4 Bxe5 23. Bxe5 Qb6+ 24. Qf2 c5 25. h3 Qc6 26. Rfe1 {[%emt 0:01:22][%mdl 1024] White has compensation.} Rf7 27. Rc1 Rc8 28. Kh2 a5 29. Bd4 Qd6 30. Rxc5 (30. Be5 $5 Qb6 31. Bd3 $11) 30... Qxf4+ (30... Nxf4 31. Rxc8+ Bxc8 32. Be5 $11) 31. Qxf4 Nxf4 32. Rxc8+ Bxc8 33. g3 Nd5 34. Rc1 Bb7 35. Re1 Rd7 $1 36. Rxe6 (36. g4 $15) 36... Nc7 $19 37. Rb6 Bf3 38. Be5 (38. Bxf5 $2 Rxd4 39. g4 Rd2+ 40. Kg3 Bh1 $19) 38... Rd2+ $1 39. Kg1 Nd5 {[%emt 0:00:29] ...Rg2+ is the strong threat.} 40. Rb8+ Kf7 41. Bf4 {[%emt 0:00:40] Inhibits Ne3.} (41. Bxf5 $2 {is the wrong capture.} Rg2+ 42. Kh1 Rxa2+ 43. Kg1 Rg2+ 44. Kh1 Rxg3+ 45. Kh2 Rg2+ 46. Kh1 Rg4+ 47. Kh2 Rg2+ 48. Kh1 Rd2+ 49. Kg1 Ne3 $19) 41... Rb2 (41... Nxf4 $17 42. gxf4 g6) 42. Bxf5 $11 g5 43. Bc1 Rxa2 44. Bd3 (44. Rc8 $11 {keeps the balance.}) 44... Nb4 ({Better is} 44... Rg2+ $17 45. Kf1 Rxg3) 45. Bc4+ Ke7 46. Be3 Rg2+ 47. Kf1 Nc2 $2 (47... Rxg3 $11 {and Black stays safe.} 48. Rh8 Bd5) 48. Bc5+ $18 Kd7 49. Rf8 $1 Be4 {[%emt 0:00:30] [#]} 50. Bb5+ $1 {[%emt 0:00:42] A strong pair of Bishops.} Kc7 51. Rf7+ Kb8 52. Re7 ({But not} 52. Bd3 $6 Bc6 $16) 52... Bd5 53. Rd7 ({White should try} 53. Be2 $16) 53... Rd2 $14 54. h4 (54. Rd6 $14) 54... Kc8 55. Rd6 (55. Rh7 $5 Nd4 56. Bxd4 Rxd4 57. h5 $11) 55... Bg2+ (55... gxh4 {looks sharper.} 56. Bc6 Ne3+ 57. Ke1 Rd1+) 56. Kg1 Rxd6 57. Bxd6 Bd5 58. h5 Bxb3 59. Bf8 a4 60. Bxh6 {[%emt 0:00:11][%cal Oh6g7] Black must now prevent Bg7!} a3 $2 {[%emt 0:00:42] [#]} (60... Nd4 $1 $11 61. Ba6+ Kd7) 61. Bg7 $1 $18 Bg8 {[%emt 0:01:01] Both players deserved the win here.   Weighted Error Value: White=0.19 (very precise) /Black=0.21 (precise)} 1-0

[Event "US Masters 2022"]
[Site "Charlotte"]
[Date "2022.11.24"]
[Round "2.15"]
[White "Chiku-Ratte, Olivier-Kenta"]
[Black "Stremavicius, Titas"]
[Result "0-1"]
[ECO "A95"]
[WhiteElo "2344"]
[BlackElo "2527"]
[Annotator "TA"]
[PlyCount "86"]
[EventDate "2022.11.23"]
[EventType "swiss"]
[EventCountry "USA"]
[SourceTitle "playchess.com"]
[Source "ChessBase"]
[SourceQuality "1"]
[TimeControl "5400+30"]

1. d4 f5 2. g3 Nf6 3. Bg2 e6 4. Nf3 d5 5. c4 Be7 6. O-O Ne4 7. Nc3 c6 8. Qc2 Nd7 9. b3 O-O 10. Bb2 Nd6 {[%emt 0:11:33] A95: Classical Dutch: Classical Stonewall: 7 Nc3 c6.} 11. Nd2 {[%emt 0:09:43] [#]} Kh8 $146 ({Predecessor:} 11... g5 12. Rac1 Nf7 13. Rfd1 Nf6 14. Nf3 Bd7 15. Ne5 Be8 16. e3 Nh8 17. Na4 Bh5 18. Re1 {½-½ (39) Reist,D-Donk,D ICCF email 2018}) 12. e3 b6 {[%emt 0:12:04] White is better.} 13. Ne2 Ba6 14. Nf4 Rf6 15. f3 Rh6 16. Rfe1 Rc8 17. e4 fxe4 (17... Qf8 $14) 18. fxe4 $16 dxc4 {[%emt 0:01:19] [#]} 19. e5 $1 (19. bxc4 $6 Bg5 $11) (19. Nxc4 Bxc4 20. bxc4 b5 $14) 19... Nf7 (19... c3 $16 20. exd6 (20. Bxc3 Nb5 $14) (20. Qxc3 Nf5 $14) 20... cxd2 21. Qxd2 (21. dxe7 dxe1=Q+ 22. Rxe1 Qxe7 $17) 21... Bg5) 20. bxc4 $18 ({Resist} 20. Nxc4 Bg5) 20... Bg5 21. Nf3 $2 (21. Re4 $18) 21... Bxf4 $14 22. gxf4 b5 23. f5 {[%emt 0:02:55] Black must now prevent fxe6.} Nf8 {[%emt 0:00:07] [#]} 24. fxe6 ({Better is} 24. c5 $1 $16) 24... Nxe6 $11 25. Qf5 $132 {[%emt 0:00:24][%mdl 2048] White is not holding back} Rc7 26. cxb5 Bxb5 {[%emt 0:00:16] Hoping for ...Rg6.} 27. Rac1 (27. Bc1 $1 $11 {remains equal.} Rg6 28. Qh5) 27... Rg6 $17 28. Kh1 (28. d5 $17 {keeps fighting.} Nh6 29. Qe4 cxd5 30. Qh4) 28... Nh6 $19 29. Qe4 Rg4 (29... c5 $19 30. d5 Rg4) 30. Qc2 $17 Nf4 {[%emt 0:00:51] Black is more active.} 31. Rg1 (31. Bf1 $17 Qd5 32. Re3) 31... Bd3 $19 32. Qd2 (32. Qf2 $142 Be4 33. Bf1) 32... Be4 {[%emt 0:00:36] Threatens to win with ...Nxg2.} 33. h3 Nxg2 {[%emt 0:02:06] Pair of Knights!} (33... Bxf3 $142 34. Bxf3 Rh4) 34. hxg4 $2 (34. Rxg2 Rxg2 35. Kxg2 (35. Qxg2 $2 {is the wrong capture.} Rf7 $19)) 34... Nh4 ({And not} 34... Bxf3 35. Rxg2 Nxg4 36. Kg1 Bxg2 37. Qxg2 $17) 35. Qf4 Bxf3+ 36. Kh2 Rf7 37. Qe3 Bd5 {[%emt 0:00:45] Black mates.} 38. g5 Nf3+ 39. Kh3 Qd7+ 40. e6 Bxe6+ 41. Kg2 Nh4+ 42. Kh2 Qd6+ 43. Rg3 Ng4+ {[%emt 0:00:10] Quite a comeback for Black.   Weighted Error Value: White=0.93/Black=0.26 (precise)} 0-1

[Event "US Masters 2022"]
[Site "Charlotte"]
[Date "2022.11.24"]
[Round "2.16"]
[White "Macieja, Bartlomiej"]
[Black "Csonka, Attila Istvan"]
[Result "1-0"]
[ECO "B38"]
[WhiteElo "2514"]
[BlackElo "2321"]
[Annotator "TA"]
[PlyCount "85"]
[EventDate "2022.11.23"]
[EventType "swiss"]
[EventCountry "USA"]
[SourceTitle "playchess.com"]
[Source "ChessBase"]
[SourceQuality "1"]
[TimeControl "5400+30"]

1. Nf3 Nf6 2. c4 c5 3. Nc3 Nc6 4. d4 cxd4 5. Nxd4 g6 6. e4 d6 7. f3 Bg7 8. Be3 Bd7 9. Be2 O-O 10. O-O Nxd4 11. Bxd4 a5 12. b3 Bc6 13. Qd2 Nd7 14. Bf2 Nc5 15. Rab1 Bd7 {[%emt 0:14:17] [#] B38: Sicilian: Maroczy Bind with 5...Bg7 and 7...0-0.} 16. Rfd1 $146 ({Predecessor:} 16. Nd5 Be6 17. Rfe1 Bxd5 18. exd5 Qc7 19. Bf1 Rfe8 20. Re2 Bf6 21. h4 Qb6 22. a3 Qc7 23. h5 {½-½ (51) Teplitsky,Y (2375)-Afek,Y (2370) Ramat Hasharon 1993}) 16... Be6 17. Nd5 Bxd5 {[%emt 0:02:56] White is slightly better.} 18. exd5 Qb6 19. a3 {[%emt 0:01:14][%cal Ba2a3,Ba3b4,Bb4c5][%mdl 32] And now b4 would win.} Qc7 20. Bf1 Rfe8 21. Re1 Bf6 22. g3 Qc8 23. b4 axb4 24. axb4 Nd7 25. c5 Ne5 26. Rb3 Rd8 27. Rc1 dxc5 28. bxc5 Qd7 29. Bg2 e6 (29... Qa4 $142 30. Rxb7 Qa3) 30. d6 $16 Nc6 31. f4 Ra7 32. Rb6 Rda8 33. Bxc6 {[%emt 0:00:23] White has more active pieces.} (33. Qd1 $142) 33... bxc6 34. Bd4 (34. Rf1 {simplifies} e5 35. fxe5 Bxe5 36. Qd3) 34... Ra2 35. Rb2 Rxb2 36. Qxb2 Bxd4+ 37. Qxd4 {[%emt 0:00:03][%mdl 4096] Endgame KQR-KQR} e5 {[%emt 0:00:06] This move loses the game for Black.} (37... Qa7 $16 38. Rc2 Qa3) 38. Qxe5 $18 {[%emt 0:02:26] Hoping for Re1.} (38. fxe5 Ra7 39. Rf1 Ra8 $18) 38... Re8 39. Qd4 h5 40. Rf1 {[%emt 0:02:36][%cal Of4f5] Inhibits h4. Strongly threatening f5!} Qg4 {[%emt 0:07:56] Inhibits f5.} (40... Qf5 $142 41. Rd1 h4) 41. Qf6 Re3 $2 {[%emt 0:02:04] [#]} (41... h4 {is a better chance.}) 42. Ra1 $1 {[%emt 0:01:57] White wants to mate with Ra8+.} Re8 {[%emt 0:01:34] [#] Against Ra8} (42... Ra3 $142 43. Rxa3 (43. Qd8+ Kg7 $11) 43... Qd1+ 44. Kf2 Qd2+ 45. Kf3 Qd1+ 46. Ke3 Qc1+ 47. Ke4 Qb1+ 48. Ke3 (48. Rd3 Qh1+ 49. Ke3 Qe1+ 50. Kf3 Qf1+ 51. Ke4 Qh1+ 52. Ke3 Qe1+ 53. Kf3 Qf1+ 54. Ke4 Qh1+ $11) 48... Qc1+ 49. Kd3 Qxa3+ 50. Qc3 Qa6+ 51. Ke3 Qa2) 43. Qe7 $3 {[%emt 0:01:20][%mdl 512] Weighted Error Value: White=0.17 (very precise) /Black=0.39} 1-0